 Dungeon Crawl Stone Soup version 0.18-a0-1805-g8ab820f (webtiles) character file.

714 MovingMist the Ducker (level 7, -3/71 HPs)
             Began as a Troll Fighter on Apr 26, 2016.
             Was a Priest of Lugonu.
             Slain by an orc wizard
             ... wielding a +0 dagger
              (5 damage)
             ... on level 4 of the Dungeon.
             The game lasted 00:10:08 (2589 turns).

MovingMist the Ducker (Troll Fighter)               Turns: 2589, Time: 00:10:09

Health: -3/71      AC:  5    Str: 25    XL:     7   Next: 41%
Magic:  6/6        EV: 11    Int:  4    God:    Lugonu [***...]
Gold:   168        SH:  0    Dex: 11    Spells: 0 memorised, 6 levels left

rFire  . . .     SeeInvis .     r - +0 giant spiked club
rCold  . . .     Gourm    +     a - +0 robe
rNeg   . . .     Faith    .     (shield currently unavailable)
rPois  .         Spirit   .     (helmet restricted)
rElec  .         Dismiss  .     (no cloak)
rCorr  .         Reflect  .     (gloves unavailable)
SustAt .         Harm     +     (boots unavailable)
MR     .....                    z - amulet of harm
Stlth  +.........               (no ring)
                                (no ring)

@: not resistant to hostile enchantments, very unstealthy
A: unfitting armour, claws 3, fast metabolism 3, gourmand, regeneration 2,
shaggy fur 1, tough skin 2
a: Depart the Abyss, Bend Space, Banish, Renounce Religion


You were on level 4 of the Dungeon.
You worshipped Lugonu.
Lugonu was most pleased with you.
You were very full.

You visited 1 branch of the dungeon, and saw 4 of its levels.

You collected 168 gold pieces.

Inventory:

Hand Weapons
 o - a +4 mace
 r - a +0 giant spiked club (weapon)
Missiles
 y - 11 tomahawks (quivered)
Armour
 a - a +0 robe (worn)
Jewellery
 z - an amulet of harm (around neck)
Wands
 s - a wand of flame (30/48)
 t - a wand of lightning (4/15)
Scrolls
 l - 2 scrolls of blinking
 m - a scroll of random uselessness
 p - 2 scrolls of identify
 v - a scroll of teleportation
 x - 2 scrolls of remove curse
Potions
 c - 2 potions of might
 e - a potion of berserk rage
 f - 2 potions of brilliance {unknown}
 h - a potion of cancellation
 i - 2 potions of resistance {unknown}
 k - a potion of mutation {unknown}
 n - 3 potions of curing {unknown}
 q - a potion of magic {unknown}
Books
 u - a book of Clouds

   Spells                             Type                      Level
   a - Mephitic Cloud                 Conjuration/Poison/Air       3
   b - Conjure Flame                  Conjuration/Fire             3
   c - Poisonous Cloud                Conjuration/Poison/Air       6
   d - Freezing Cloud                 Conjuration/Ice/Air          6
   e - Ring of Flames                 Charms/Fire                  7
Comestibles
 b - 2 beef jerkies
 d - 4 bread rations
 g - 4 meat rations
 j - a royal jelly
 w - 9 chunks of flesh
 A - 4 fruits


   Skills:
 + Level 4.3 Fighting
 * Level 4.1 Maces & Flails
 + Level 4.4 Dodging
   Level 2.4 Shields
 - Level 2.8 Unarmed Combat


You had 6 spell levels left.
You didn't know any spells.

Dungeon Overview and Level Annotations

Branches:
Dungeon (4/15)             Temple (0/1) D:4

Altars:
Gozag
Sif Muna
The Shining One
Lugonu


Innate Abilities, Weirdness & Mutations

You are too large for most types of armour.
You have claws for hands.
Your metabolism is lightning-fast.
You like to eat raw meat.
You heal very quickly.
You are covered in fur (AC +1).
You have very tough skin (AC +2).


Message History

* * * LOW HITPOINT WARNING * * *
You impale the orc!!
You kill the orc!
Lugonu accepts your kill.
The orc wizard mumbles some strange words.
The orc wizard blinks!
An orc comes into view. It is wielding a flail.
The orc wizard hits you with a dagger.
* * * LOW HITPOINT WARNING * * *
The orc closely misses you.
Items here: )))) [ †† You completely miss the orc wizard.
The orc wizard gestures at you while chanting.
The magic dart hits you!
* * * LOW HITPOINT WARNING * * *
The orc wizard gestures at you while chanting.
The magic dart hits you!
* * * LOW HITPOINT WARNING * * *
The orc hits you but does no damage. The orc wizard hits you with a dagger.
You die...

#.........# #.#
#.## #.#######.#
##.#####..< #.#
#.# #..........
##.# #######
#####.#.#######
#..###(.)##
####...........#
# ...##|....##
#....###.#.###.#
# ...#.......#
#.#### #.#.# #
...#.......# #.#
#.#.# #
..##.......# #@#
#....
..###.....##
#.oo.# #.... ###
##...## #......
.....
#######'####
##.>.### ...
...........#
##.##
...........# #.#
..........(# ..#
#)########.# #.#
...## ###..#


You could see an orc wizard and an orc.

Vanquished Creatures
  2 phantoms (D:4)
  2 ogres
  A scorpion (D:4)
  2 hounds (D:4)
  An orc priest (D:4)
  2 orc wizards
  Terence (D:2)
  A hound skeleton (D:4)
  4 adders (D:3)
  An ooze (D:4)
  An adder skeleton (D:4)
  A worm (D:2)
  2 dart slugs
  2 giant geckos
  12 orcs
  4 giant cockroaches
  4 goblins
  4 hobgoblins
  17 jackals
  A quokka (D:4)
  A ball python (D:2)
  4 bats
  2 giant newts
  4 kobolds
  4 rats
80 creatures vanquished.

Notes
Turn   | Place    | Note
--------------------------------------------------------------
     0 | D:1      | MovingMist the Troll Fighter began the quest for the Orb.
     0 | D:1      | Reached XP level 1. HP: 22/22 MP: 0/0
   112 | D:1      | Reached XP level 2. HP: 29/29 MP: 1/1
   646 | D:2      | Reached XP level 3. HP: 32/36 MP: 2/2
   767 | D:2      | Found a faded altar to an unknown god.
   893 | D:2      | Noticed Terence
   903 | D:2      | Killed Terence
   945 | D:2      | Became a worshipper of Lugonu the Unformed
   945 | D:2      | Reached * piety under Lugonu
   945 | D:2      | Reached ** piety under Lugonu
  1237 | D:3      | Reached XP level 4. HP: 34/45 MP: 3/3
  1250 | D:3      | Found a glowing golden altar of the Shining One.
  1326 | D:3      | Found an opulent altar of Gozag.
  1363 | D:3      | Reached skill level 1 in Maces & Flails
  1599 | D:3      | Noticed an ogre
  1607 | D:3      | Killed an ogre
  1607 | D:3      | Reached XP level 5. HP: 53/53 MP: 4/4
  1882 | D:3      | Found a deep blue altar of Sif Muna.
  2066 | D:4      | Noticed a phantom
  2088 | D:4      | Killed a phantom
  2088 | D:4      | Reached XP level 6. HP: 46/62 MP: 5/5
  2161 | D:4      | Reached *** piety under Lugonu
  2405 | D:4      | Found a staircase to the Ecumenical Temple.
  2408 | D:4      | Reached XP level 7. HP: 70/70 MP: 6/6
  2589 | D:4      | HP: 2/71 [orc wizard/magic dart (11)]
  2589 | D:4      | Slain by an orc wizard

Vault maps used:
D:1:      dpeg_arrival_tiny_a
D:2:      ecumenical_altar_2, kennysheep_nub, uniq_terence
D:3:      grunt_gozag_statues, tso_metal_star, lemuel_doored_altar
D:4:      minmay_opposing_rooms, minmay_temple_entry_statues_fountains,
          st_stairs_14

Skill      XL: |  1  2  3  4  5  6  7 |
---------------+----------------------+-----
Dodging        | 3 4 |  4.4
Fighting       | 3 4 |  4.3
Maces & Flails | 1 2 3 4 |  4.1
Shields        | |  2.4
Unarmed Combat | |  2.8

Action                   |  1- 3 |  4- 6 |  7- 9 || total
-------------------------+-------+-------+-------++-------
Melee: Unarmed           |    70 |       |       ||    70
       Punch             |     1 |       |       ||     1
       Mace              |     9 |    44 |       ||    53
       Giant spiked club |       |   105 |    42 ||   147
  Use: Scroll            |     6 |     2 |       ||     8
  Eat: Chunk             |    14 |    15 |     1 ||    30
Armor: Robe              |    34 |    87 |    26 ||   147
Dodge: Dodged            |    47 |   154 |    35 ||   236
